 Dungeon Crawl Stone Soup version 0.30-a0-329-g85436e0a43 (webtiles) character file.

Game seed: 11876077975973277516

10374 purpskrrrp the Grappler (level 11, -12/111 HPs)
             Began as a Troll Fighter on Oct 29, 2022.
             Was an Elder of Wu Jian.
             Mangled by a sun demon (14 damage)
             ... summoned by a kobold demonologist
             ... on level 10 of the Dungeon.
             The game lasted 00:21:55 (8555 turns).

purpskrrrp the Grappler (Troll Fighter)             Turns: 8555, Time: 00:21:56

Health: -12/111    AC: 12    Str: 30    XL:     11   Next: 35%
Magic:  10/10      EV:  8    Int:  4    God:    Wu Jian [****..]
Gold:   601        SH:  9    Dex:  9    Spells: 10/10 levels left

rFire   . . .      SeeInvis .      - Unarmed
rCold   x . .      Faith    .    b - +0 kite shield
rNeg    . . .      Spirit   .    f - +0 troll leather armour
rPois   .          Reflect  .    (helmet restricted)
rElec   .          Harm     .    u - +1 cloak of the Slug {Rampage rC- Regen+ rCorr}
rCorr   +          Rampage  +    (gloves unavailable)
Will    .....                    (boots unavailable)
Stlth   +.........               g - amulet of the acrobat
HPRegen 2.78/turn                m - +4 ring of protection
MPRegen 0.12/turn                (no ring)

@: no status effects
A: large, unfitting armour, claws 3, regeneration 1, shaggy fur 1, tough skin 1
a: Renounce Religion, Wall Jump, Serpent's Lash


You were on level 10 of the Dungeon.
You worshipped Wu Jian.
Wu Jian was greatly pleased with you.
You visited 2 branches of the dungeon, and saw 11 of its levels.

You collected 601 gold pieces.

Inventory:

Missiles
 d - 28 poisoned darts
 l - 9 large rocks
 n - 11 javelins
 E - 2 throwing nets
Armour
 a - a +0 robe
 b - a +0 kite shield (worn)
 f - a +0 troll leather armour (worn)
 u - the +1 cloak of the Slug (worn) {Rampage rC- Regen+ rCorr}
   (You acquired it on level 6 of the Dungeon)

   rC:        It makes you vulnerable to cold.
   Regen:     It increases your rate of health regeneration.
   rCorr:     It protects you from acid and corrosion.
   Rampage:   It bestows one free step when moving towards enemies.
Jewellery
 g - an amulet of the acrobat (around neck)
 m - a +4 ring of protection (left claw)
 q - an amulet of faith
 z - a ring of ice
 C - an amulet of magic regeneration
 D - a ring of resist corrosion
 H - a ring of poison resistance
Wands
 p - a wand of iceblast (4)
 r - a wand of flame (24)
 v - a wand of polymorph (12)
 x - a wand of charming (15)
 y - a wand of light (5)
Scrolls
 t - a scroll of poison
 A - a scroll of summoning {unknown}
 F - 2 scrolls of immolation {unknown}
 G - a scroll of blinking {unknown}
Potions
 c - 2 potions of cancellation {unknown}
 e - 7 potions of curing
 h - 2 potions of lignification {unknown}
 i - 2 potions of mutation {unknown}
 k - 2 potions of haste
 o - a potion of brilliance {unknown}
 s - 2 potions of resistance {unknown}
 w - a potion of flight {unknown}
 B - 2 potions of degeneration {unknown}


   Skills:
 + Level 8.0 Fighting
 - Level 2.4 Dodging
 + Level 8.8 Shields
 * Level 12.8 Unarmed Combat


You had 10 spell levels left.
You didn't know any spells.
Your spell library contained the following spells:

 Spells                   Type           Power      Damage    Failure   Level
 Necrotise                Necr           0%         1d4       77%         1
 Sandblast                Erth           0%         2d4       77%         1
 Passwall                 Tmut/Erth      0%         N/A       88%         2
 Stone Arrow              Conj/Erth      0%         3d7       98%         3
 Vampiric Draining        Necr           0%         2d6       98%         3
 Agony                    Necr           0%         N/A       100%        5


Dungeon Overview and Level Annotations

Branches:
Dungeon (10/15)            Temple (1/1) D:4            Lair (0/5) D:9
    Orc (0/2) D:10

Altars:
Ashenzari
Cheibriados
Dithmenos
Elyvilon
Fedhas
Gozag
Hepliaklqana
Kikubaaqudgha
Makhleb
Nemelex Xobeh
Okawaru
Qazlal
Ru
Sif Muna
Trog
Uskayaw
Vehumet
Wu Jian
Xom
Yredelemnul
Zin
The Shining One

Shops:
D:4 !   D:7 =   D:8 (

Annotations:
D:1 exclusion: downstairs
D:10 1 runed translucent door


Innate Abilities, Weirdness & Mutations

You are too large for most types of armour.
You have claws for hands.
Your natural rate of healing is unusually fast.
You are covered in fur. (AC +1)
You have tough skin. (AC +1)


Message History

You are too injured to fight recklessly!
You are too injured to fight recklessly!
You are too injured to fight recklessly!
You are too injured to fight recklessly!
You are too injured to fight recklessly!
You are too injured to fight recklessly!
You are too injured to fight recklessly!
You are too injured to fight recklessly!
You are too injured to fight recklessly!
You are too injured to fight recklessly!
You feel much better. You block the sun demon's attack.
The kobold demonologist closely misses you.
The kobold barely misses you.
You claw the kobold demonologist!
The kobold demonologist is heavily wounded.
The sun demon hits you!
You are engulfed in flames!
The kobold hits you but does no damage.
The kobold demonologist hits you but does no damage.
The kobold demonologist hits you with a +0 dagger.
You claw the kobold demonologist!
The kobold demonologist is severely wounded.
The sun demon misses you.
You barely miss the kobold demonologist.
The kobold demonologist is severely wounded.
The sun demon closely misses you.
The kobold demonologist mumbles some strange words.
The kobold demonologist misses you.
You scratch the kobold demonologist.
The kobold demonologist is almost dead.
The sun demon hits you!!
* * * LOW HITPOINT WARNING * * *
You are engulfed in flames!!
* * * LOW HITPOINT WARNING * * *
The kobold demonologist closely misses you.
You block the kobold's attack.
You block the kobold demonologist's attack.
You feel better. The sun demon hits you!
* * * LOW HITPOINT WARNING * * *
You are engulfed in flames!
You die...

#.... ..#
#.......#
#...#...#
#...#...#
#.......#
#5K.....#
#53K....#
#K@K.# #
#.))5# .#
#....#..+
#.)..#..#
#.......#
#.......#
#
#.......#
#
#...###.+
+###
#...# #.#
....


You could see a sun demon (summoned), 2 kobold demonologists, 2 iron imps, a
crimson imp (summoned) and 2 kobolds.

Vanquished Creatures
  Pikel (D:9)
  A deep elf pyromancer (D:10)
  A cyclops (D:10)
  A mana viper (shapeshifter) (D:10)
  Joseph (D:9)
  Psyche (D:8)
  A troll (D:9)
  2 wyverns (D:9)
  Eustachio (D:6)
  2 basilisks
  17 yaks
  2 vampires
  Grum (D:8)
  Edmund (D:6)
  4 water moccasins
  A sky beast (D:8)
  4 orc warriors
  3 black bears
  An ice beast (D:8)
  2 centaurs
  4 wolves (D:8)
  2 lemures (D:9)
  A phantom (D:5)
  4 kobold brigands
  2 bullfrogs
  2 gnoll sergeants
  4 scorpions
  9 wights
  6 killer bees
  A howler monkey (D:10)
  A jelly (D:4)
  5 orc priests
  A gnoll bouda (D:8)
  3 hounds
  3 iguanas
  10 orc wizards
  Robin (D:3)
  6 adders
  14 gnolls
  A shadow imp (D:6)
  A white imp (D:7)
  An ufetubus (D:4)
  2 worms
  2 dart slugs
  41 orcs
  4 ball pythons
  5 bats
  8 endoplasms
  5 giant cockroaches
  15 goblins
  9 hobgoblins
  4 jackals (D:1)
  4 quokkas
  31 kobolds
  8 rats
268 creatures vanquished.

Vanquished Creatures (others)
  A fungus (D:9)
  14 plants
15 creatures vanquished.

Grand Total: 283 creatures vanquished

Notes
Turn   | Place    | Note
-------+----------+-------------------------------------------
     0 | D:1      | purpskrrrp the Troll Fighter began the quest for the Orb.
     0 | D:1      | Reached XP level 1. HP: 22/22 MP: 0/0
    70 | D:1      | Found a faded altar of an unknown god.
   266 | D:1      | Reached XP level 2. HP: 26/29 MP: 1/1
   826 | D:2      | Reached XP level 3. HP: 33/36 MP: 2/2
   958 | D:2      | Reached skill level 3 in Unarmed Combat
  1746 | D:3      | Noticed Robin
  1763 | D:3      | Killed Robin
  1764 | D:3      | Reached XP level 4. HP: 28/45 MP: 3/3
  1893 | D:3      | Identified the +7 spear "Ovawnot" {flame, rElec MP+9 Str-3
                  | Dex+9}
  1945 | D:3      | Reached XP level 5. HP: 52/53 MP: 4/4
  1952 | D:3      | Reached skill level 4 in Unarmed Combat
  2568 | D:4      | Found Rickyloco's Distillery.
  2620 | D:4      | Found a staircase to the Ecumenical Temple.
  2724 | Temple   | Entered the Ecumenical Temple
  2732 | Temple   | Became a worshipper of the Wu Jian Council
  3003 | D:4      | Reached XP level 6. HP: 58/61 MP: 5/5
  3351 | D:5      | Entered Level 5 of the Dungeon
  3489 | D:5      | Reached skill level 5 in Unarmed Combat
  3713 | D:5      | Reached XP level 7. HP: 70/70 MP: 6/6
  4085 | D:5      | Found a sacrificial altar of Ru.
  4279 | D:6      | Noticed Edmund
  4288 | D:6      | Killed Edmund
  4289 | D:6      | Reached skill level 6 in Unarmed Combat
  4586 | D:6      | Reached XP level 8. HP: 73/79 MP: 7/7
  4663 | D:6      | Noticed Eustachio
  4683 | D:6      | Killed Eustachio
  4684 | D:6      | Reached skill level 5 in Shields
  4684 | D:6      | Reached skill level 7 in Unarmed Combat
  5051 | D:6      | Identified a scroll of acquirement
  5051 | D:6      | Acquired the +1 cloak of the Slug {Rampage rC- Regen+
                  | rCorr}
  5088 | D:7      | Reached * piety under Wu Jian
  5089 | D:7      | Reached skill level 5 in Fighting
  5168 | D:7      | Reached skill level 8 in Unarmed Combat
  5172 | D:7      | Found a burning altar of Makhleb.
  5541 | D:7      | Reached XP level 9. HP: 82/88 MP: 8/8
  5754 | D:7      | Found Yxacaar's Jewellery Emporium.
  5859 | D:7      | Found a glowing golden altar of the Shining One.
  6316 | D:8      | Found Tyidudi's Weapon Shoppe.
  6326 | D:8      | Reached skill level 9 in Unarmed Combat
  6335 | D:8      | Noticed Psyche
  6342 | D:8      | Killed Psyche
  6355 | D:8      | Reached ** piety under Wu Jian
  6687 | D:8      | Noticed Grum
  6694 | D:8      | Reached skill level 10 in Unarmed Combat
  6757 | D:8      | Killed Grum
  7018 | D:9      | Noticed Pikel
  7036 | D:9      | Killed Pikel
  7037 | D:9      | Reached XP level 10. HP: 100/100 MP: 9/9
  7061 | D:9      | Found a staircase to the Lair.
  7198 | D:9      | Reached skill level 11 in Unarmed Combat
  7342 | D:9      | Reached *** piety under Wu Jian
  7433 | D:9      | Reached skill level 12 in Unarmed Combat
  7482 | D:9      | Noticed Joseph
  7494 | D:9      | Killed Joseph
  7579 | D:9      | Reached XP level 11. HP: 109/109 MP: 10/10
  7835 | D:9      | Found an opulent altar of Gozag.
  7864 | D:10     | Entered Level 10 of the Dungeon
  7995 | D:10     | Found a staircase to the Orcish Mines.
  8143 | D:10     | Noticed a centaur warrior
  8154 | D:10     | Found a runed translucent door.
  8156 | D:10     | Paralysed by a hornet for 3 turns
  8175 | D:10     | a wind drake changed into a mana viper
  8175 | D:10     | Noticed a mana viper (shapeshifter)
  8186 | D:10     | Killed a mana viper
  8264 | D:10     | Noticed a deep elf pyromancer
  8271 | D:10     | Killed a deep elf pyromancer
  8541 | D:10     | Reached **** piety under Wu Jian
  8545 | D:10     | Noticed a sun demon
  8555 | D:10     | HP: 2/111 [sun demon[a kobold demonologist] (12)]
  8555 | D:10     | Mangled by a sun demon

Illustrated notes

Levels and vault maps discovered:
D:1:      lightli_arrival_noodles, layout_basic,
          shapermc_ecumenical_altar_mp_ritualfount, kennysheep_flooded_box
D:2:      layout_rooms, serial_co_window_serial, co_window_corner_a,
          co_window_paths_a, co_window_paths_a, co_window_paths_a,
          co_window_corner_a, co_window_broadway_a, co_window_broadway_b,
          co_window_cross_2, co_window_4corner_b, co_window_paths_d,
          glass_columns_a, glass_columns_a, glass_columns_b, glass_columns_a
D:3:      layout_loops_corners, amethyst_killhole, uniq_robin
D:4:      layout_basic, minmay_temple_entry_waves, serial_shops,
          nicolae_shop_statue_plus
D:5:      layout_loops_corners, nicolae_ru_the_path_less_chosen
D:6:      layout_loops_ring, chequers_serial_rivers_room_b, uniq_eustachio,
          uniq_edmund
D:7:      layout_loops_corners, mainiacjoe_overflow_swirl, serial_shops,
          nicolae_shop_waterfront
D:8:      layout_loops_cross, serial_shops, nicolae_shop_trees, serial_rivers,
          chequers_serial_rivers_micro_e, chequers_serial_rivers_micro_d,
          chequers_serial_rivers_micro_d, chequers_serial_rivers_micro_e,
          chequers_serial_rivers_marsh, uniq_grum, uniq_psyche
D:9:      layout_roguey, lemuel_round_altar, minmay_lair_entry_grove,
          uniq_joseph, uniq_pikel
D:10:     minmay_the_grid_four_pointed_star_mashed
          [minmay_the_grid_triangle_9x9_sparse_checkered,
          minmay_the_grid_triangle_9x9_odd_lines,
          minmay_the_grid_triangle_9x9_checkered,
          minmay_the_grid_triangle_9x9_fully_insulated_deathbox,
          minmay_the_grid_prize_big_room], layout_stronghold, david_orc_2
Temple:   nicolae_temple_no_exploring_needed

Skill      XL: |  1  2  3  4  5  6  7  8  9 10 11 |
---------------+----------------------------------+-----
Shields        | 3 4 6 7 8 |  8.8
Unarmed Combat | 3 4 5 6 8 10 12 | 12.8
Fighting       | 3 4 5 6 7 8 |  8.0
Dodging        | |  2.4

Action                   |  1- 3 |  4- 6 |  7- 9 | 10-12 || total
-------------------------+-------+-------+-------+-------++-------
Melee: Unarmed           |   117 |   172 |   269 |   277 ||   835
Throw: Dart              |     8 |       |       |       ||     8
Invok: Lunge             |       |     2 |     1 |       ||     3
       Whirlwind         |       |       |       |     3 ||     3
Evoke: Wand              |       |       |     8 |       ||     8
  Use: Scroll            |     7 |     4 |     6 |     2 ||    19
       Potion            |     1 |       |     2 |     6 ||     9
 Stab: Invisible         |       |       |     2 |       ||     2
Armor: Robe              |    42 |    62 |    54 |    17 ||   175
       Skin              |       |       |    69 |       ||    69
       Troll leather arm |       |       |       |    49 ||    49
Dodge: Dodged            |    30 |    57 |    80 |    90 ||   257
Block: Kite shield       |    55 |    55 |   105 |   127 ||   342

Table legend: (Time is in decaauts)
 A = Elapsed time spent in this place.
 B = Non-inter-level travel time spent in this place.
 C = Inter-level travel time spent in this place.
 D = Time resting spent in this place.
 E = Time spent auto-exploring this place.
 F = Levels seen in this place.
 G = Mean time per level.
                   A        B        C        D        E       F      G
               +--------+--------+--------+--------+--------+-----+--------+
         Total |   8496 |   8054 |    442 |    433 |   5930 |  11 |  772.4 |
       Dungeon |   8479 |   8037 |    442 |    433 |   5930 |  10 |  847.9 |
        Temple |     16 |     16 |      0 |      0 |      0 |   1 |   16.0 |
               +--------+--------+--------+--------+--------+-----+--------+

Top non-repeatable levels by time:
     D:7: 984 daAuts
     D:3: 973 daAuts
     D:8: 959 daAuts
     D:5: 893 daAuts
     D:4: 856 daAuts
     D:2: 842 daAuts
     D:6: 839 daAuts
     D:9: 775 daAuts
     D:1: 678 daAuts
    D:10: 676 daAuts
  Temple: 16 daAuts
